 Dungeon Crawl Stone Soup version 0.17-a0-1174-ge06b3cc (webtiles) character file.

795 wotan the Firebug (level 7, 0/36 HPs)
             Began as a Deep Elf Wizard on May 29, 2015.
             Was an Initiate of Vehumet.
             Succumbed to a worker ant's poison
             ... on level 5 of the Dungeon.
             The game lasted 00:48:33 (6108 turns).

wotan the Firebug (Deep Elf Wizard)                 Turns: 6108, Time: 00:48:33

Health: 0/36       AC:  3    Str:  4    XL:     7   Next: 58%
Magic:  0/17       EV: 12    Int: 25    God:    Vehumet [......]
Gold:   235        SH:  0    Dex: 13    Spells: 5 memorised, 6 levels left

rFire  + . .     SeeInvis .     m - -3 dagger (curse)
rCold  . . .     Clarity  .     a - +0 robe
rNeg   . . .     SustAt   .     (no shield)
rPois  .         Gourm    .     b - +0 hat
rElec  .         Spirit   .     (no cloak)
rCorr  .         Warding  .     (no gloves)
rMut   .         Stasis   .     n - +0 pair of boots
MR     .....                    (no amulet)
Stlth  ++........               p - ring of protection from cold
                                q - ring of fire

@: lethally poisoned (0 -> -1), not resistant to hostile enchantments,
unstealthy
A: no striking features
a: Renounce Religion


You were on level 5 of the Dungeon.
You worshipped Vehumet.
Vehumet was noncommittal.
You were not hungry.

You visited 2 branches of the dungeon, and saw 6 of its levels.

You collected 235 gold pieces.

Inventory:

Hand weapons
 l - a +1 dagger
 m - a cursed -3 dagger (weapon)
Missiles
 i - 47 stones (quivered)
Armour
 a - a +0 robe (worn)
 b - a +0 hat (worn)
 n - a +0 pair of boots (worn)
Jewellery
 p - a ring of protection from cold (right hand)
 q - a ring of fire (left hand)
Scrolls
 s - a scroll of enchant weapon
Potions
 e - a potion of cancellation {unknown}
 f - 2 potions of invisibility {unknown}
 h - 2 potions of flight {unknown}
 j - a potion of resistance {unknown}
 o - a potion of haste {unknown}
 r - a potion of agility {unknown}
Books
 c - a book of Minor Magic

   Spells                             Type                      Level
   a - Magic Dart                     Conjuration                  1
   b - Blink                          Translocation                2
   c - Call Imp                       Summoning                    2
   d - Repel Missiles                 Charms/Air                   2
   e - Slow                           Hexes                        2
   f - Conjure Flame                  Conjuration/Fire             3
   g - Mephitic Cloud                 Conjuration/Poison/Air       3
 k - a book of Debilitation

   Spells                             Type                      Level
   a - Corona                         Hexes                        1
   b - Slow                           Hexes                        2
   c - Gell's Gravitas                Hexes/Translocation          3
   d - Inner Flame                    Hexes/Fire                   3
   e - Cause Fear                     Hexes                        4
   f - Leda's Liquefaction            Hexes/Earth                  4
Comestibles
 d - 5 bread rations
 g - 2 slices of pizza


   Skills:
 - Level 2.4 Dodging
 - Level 2.4 Stealth
 + Level 5.4 Spellcasting
 - Level 3.0 Conjurations
 - Level 3.0 Charms
 - Level 3.0 Summonings
 - Level 3.8 Translocations
 - Level 6.1 Fire Magic


You had 6 spell levels left.
You knew the following spells:

 Your Spells              Type           Power        Failure   Level  Hunger
a - Magic Dart            Conj           ###.         2%          1    None
b - Blink                 Tloc           N/A          2%          2    None
c - Repel Missiles        Chrm/Air       ##....       10%         2    None
d - Call Imp              Summ           ###.....     4%          2    None
e - Conjure Flame         Conj/Fire      #####...     4%          3    #......


Dungeon Overview and Level Annotations

Branches:
Dungeon (5/15)             Temple (1/1) D:5

Altars:
Ashenzari
Elyvilon
Fedhas
Gozag
Kikubaaqudgha
Nemelex Xobeh
Okawaru
Qazlal
Ru
Sif Muna
Vehumet
Xom
Zin
The Shining One


Message History

Aiming: Magic Dart
Press: ? - help, Shift-Dir - straight line, f/p - ice beast
Aim: an ice beast (lightly wounded)
The magic dart hits the ice beast.
The ice beast is moderately wounded.
Casting: Magic Dart
Confirm with . or Enter, or press ? or * to list all spells.
You blink.
You feel sick.
Casting: Blink
Confirm with . or Enter, or press ? or * to list all spells.
Aiming: Magic Dart
Press: ? - help, Shift-Dir - straight line, f/p - ice beast
Aim: an ice beast (moderately wounded)
The magic dart hits the ice beast.
The ice beast is moderately wounded.
The ice beast hits you.
* * * LOW HITPOINT WARNING * * *
The ice beast freezes you.
* * * LOW HITPOINT WARNING * * *
You die...

#.........
##........ ###
#.....##. #.#
#....##
#.####....#
##..##...######
##....Y........
#.#####........
### #@.######
#..# #..# ##..#
#%..# #.......#
.............
##...###.......
#... .......


You could see an ice beast.

Vanquished Creatures
  A slave (D:3)
  Blork the orc (D:4)
  A hound (D:4)
  2 orc wizards (D:3)
  A worker ant (D:5)
  4 gnolls
  11 adders
  An adder zombie (D:5)
  A worm (D:2)
  9 orcs
  A ball python (D:3)
  14 bats
  6 giant cockroaches
  7 goblins
  9 hobgoblins
  4 jackals (D:3)
  A quokka (D:3)
  2 giant geckos (D:3)
  3 giant newts
  10 kobolds
  A quokka skeleton (D:4)
  12 rats
102 creatures vanquished.

Vanquished Creatures (collateral kills)
  Pikel (D:4)
  A slave (D:3)
  Ijyb (D:3)
3 creatures vanquished.

Vanquished Creatures (others)
  A white imp (D:4)
  An orc (D:3)
2 creatures vanquished.

Grand Total: 107 creatures vanquished

Notes
Turn   | Place    | Note
--------------------------------------------------------------
     0 | D:1      | wotan the Deep Elf Wizard began the quest for the Orb.
     0 | D:1      | Reached XP level 1. HP: 10/10 MP: 7/7
   114 | D:1      | Reached skill level 5 in Spellcasting
   182 | D:1      | Reached XP level 2. HP: 15/15 MP: 6/10
   756 | D:2      | Reached XP level 3. HP: 17/19 MP: 7/11
  1028 | D:2      | Learned a level 2 spell: Blink
  1089 | D:2      | Reached XP level 4. HP: 3/24 MP: 4/13
  1481 | D:2      | Learned a level 2 spell: Repel Missiles
  1484 | D:2      | Learned a level 2 spell: Call Imp
  2379 | D:3      | Found an iron altar of Okawaru.
  2434 | D:3      | Reached XP level 5. HP: 28/28 MP: 10/14
  2657 | D:3      | Noticed Ijyb
  2685 | D:3      | Killed Ijyb
  2847 | D:3      | Found a glowing silver altar of Zin.
  3565 | D:3      | Reached skill level 1 in Charms
  4059 | D:2      | Noticed an ogre
  4135 | D:2      | Learned a level 3 spell: Conjure Flame
  4194 | D:4      | Reached XP level 6. HP: 32/32 MP: 11/15
  4220 | D:4      | Noticed Pikel
  4220 | D:4      | Noticed a slave
  4220 | D:4      | Noticed a slave
  4293 | D:3      | Killed a slave
  4474 | D:4      | Noticed a slave
  4478 | D:4      | Noticed a slave
  4528 | D:3      | Killed a slave
  4815 | D:3      | Reached skill level 1 in Fire Magic
  4939 | D:4      | Noticed Blork the orc
  4956 | D:4      | Killed Blork the orc
  5407 | D:4      | Killed Pikel
  5407 | D:4      | Reached skill level 6 in Fire Magic
  5407 | D:4      | Reached XP level 7. HP: 16/36 MP: 6/16
  5417 | D:4      | Noticed an ogre
  5430 | D:5      | Entered Level 5 of the Dungeon
  5582 | D:5      | Found a staircase to the Ecumenical Temple.
  5618 | Temple   | Entered the Ecumenical Temple
  5682 | Temple   | Became a worshipper of Vehumet
  6107 | D:5      | HP: 1/36 [ice beast (5)]
  6108 | D:5      | Succumbed to a worker ant's poison

Vault maps used:
D:1:      minmay_arrival_plants_in_alcoves
D:2:      minmay_statues_item
D:3:      zin_academy, lemuel_doored_altar, first_bread, uniq_iyjb
D:4:      gammafunk_temple_overflow_statue, kennysheep_mini, uniq_pikel,
          uniq_blork_the_orc
D:5:      minmay_temple_entry_statues
Temple:   zaba_magenta_temple_12

Action                   |  1- 3 |  4- 6 |  7- 9 || total
-------------------------+-------+-------+-------++-------
Melee: Dagger            |     1 |    14 |       ||    15
 Cast: Magic Dart        |    78 |   205 |    40 ||   323
       Blink             |       |    17 |     1 ||    18
       Call Imp          |       |     8 |       ||     8
       Conjure Flame     |       |     8 |     2 ||    10
  Use: Scroll            |     1 |     5 |     1 ||     7
  Eat: Chunk             |       |    10 |     1 ||    11
       Meat ration       |       |     1 |       ||     1
